 Dungeon Crawl Stone Soup version 0.31-a0-188-g5e087ee2ca (webtiles) character file.

Game seed: 4136464520497664179

103985 qw the Markself (level 15, 0/94 HPs)
             Began as a Deep Elf Hunter on June 23, 2023.
             Was an Elder of Okawaru.
             Slain by an orc warrior
             ... wielding a +0 trident
              (10 damage)
             ... on level 2 of the Orcish Mines.
             The game lasted 00:10:02 (21203 turns).

qw the Markself (Deep Elf Hunter)                  Turns: 21203, Time: 00:10:02

Health: 0/94       AC: 21    Str: 20    XL:     15   Next: 90%
Magic:  8/8        EV: 36    Int: 15    God:    Okawaru [****..]
Gold:   2320       SH:  0    Dex: 34    Spells: 14/14 levels left

rFire   . . .        o - +5 longbow of Rubbish {antimagic, rF+ Str+4}
rCold   + + +        (shield currently unavailable)
rNeg    . . .        n - +0 ice dragon scales
rPois   .            (no helmet)
rElec   +            u - +0 cloak
rCorr   .            i - +2 pair of gloves
SInv    .            t - +0 pair of boots
Will    +....        (no amulet)
Stlth   +++          r - ring of Xom's Attic {Contam rElec rC+ Str+3 Dex+6}
HPRegen 0.35/turn    y - +6 ring of dexterity
MPRegen 0.11/turn

%: no passive effects
@: about to teleport, heroic
A: hooves 1, agile 1, screaming 1
a: Renounce Religion, Heroism, Finesse


You were on level 2 of the Orcish Mines.
You worshipped Okawaru.
Okawaru was greatly pleased with you.
You visited 4 branches of the dungeon, and saw 23 of its levels.
You also visited: Sewer.

You collected 2688 gold pieces.
You spent 368 gold pieces at shops.


Innate Abilities, Weirdness & Mutations

You have large cloven feet.
You are agile. (Dex +4, Str/Int -1)
You occasionally shout uncontrollably at your foes.


   Skills:
 - Level 11.0(16.0) Fighting
 - Level 20.1(25.1) Ranged Weapons
 - Level 9.0(14.0) Armour
 + Level 19.2(24.2) Dodging
 - Level 1.2(6.2) Stealth
 - Level 10.0 Invocations


You had 14 spell levels left.
You didn't know any spells.
Your spell library was empty.

Inventory:

Hand Weapons
 a - the +8 storm bow {elec, penet}
   (You acquired it on level 2 of the Dungeon)
 o - the +5 longbow of Rubbish (weapon) {antimagic, rF+ Str+4}
   (Okawaru gifted it to you on level 5 of the Lair of Beasts)

   Str:       It affects your strength (+4).
   rF:        It protects you from fire.
Armour
 i - a +2 pair of gloves (worn)
 n - +0 ice dragon scales (worn)
 t - a +0 pair of boots (worn)
 u - a +0 cloak (worn)
 v - a +0 troll leather armour
Jewellery
 r - the ring of Xom's Attic (left hand) {Contam rElec rC+ Str+3 Dex+6}
   (You found it on level 4 of the Lair of Beasts)

   [ring of dexterity]

   Str:       It affects your strength (+3).
   Dex:       It affects your dexterity (+6).
   rC:        It protects you from cold.
   rElec:     It insulates you from electricity.
   Contam:    It causes magical contamination when unequipped.
 y - a +6 ring of dexterity (right hand)
Scrolls
 k - 6 scrolls of teleportation
 p - 6 scrolls of identify
 s - a scroll of brand weapon
 w - 6 scrolls of enchant weapon
Potions
 c - 5 potions of haste
 d - 4 potions of might
 e - 8 potions of mutation
 g - 5 potions of heal wounds
 h - a potion of cancellation
 j - 6 potions of curing
 l - 3 potions of magic
 m - 2 potions of resistance
 q - 3 potions of enlightenment

Dungeon Overview and Level Annotations

Branches:
Dungeon (15/15)            Temple (1/1) D:5            Lair (5/5) D:11
 Shoals (0/4) Lair:3       Spider (0/4) Lair:2        Slime (0/5) Lair:4
    Orc (2/2) D:10            Elf (0/3) Orc:2        Vaults (0/5) D:14
 Depths (0/4) D:15          Sewer (visited)

Altars:
Ashenzari
Cheibriados
Dithmenos
Elyvilon
Fedhas
Gozag
Hepliaklqana
Kikubaaqudgha
Makhleb
Nemelex Xobeh
Okawaru
Qazlal
Ru
Sif Muna
Trog
Uskayaw
Vehumet
Wu Jian
Xom
Yredelemnul
Zin
The Shining One
Jiyva

Shops:
D:2 [   D:5 !   D:10 [(   D:15 *

Portals:
Volcano: Orc:1

Annotations:
Lair:5 2 runed translucent doors


Message History

Beogh smites you!
The orc knight roars a battlecry!
The orc sorcerer goes into a battle-frenzy!
The orc warrior completely misses you. The orc priest completely misses you.
The orc sorcerer gestures wildly while chanting.
21200 ||| READING 7 scrolls of teleportation.
As you read the scroll of teleportation, it crumbles to dust.
You feel strangely unstable.
The orc sorcerer howls an incantation.
You feel troubled.
The orc knight hits you with a +0 long sword!
The orc warrior misses you.
The orc knight roars a battlecry!
The orc priest misses you.
21201 ||| DRINKING 6 potions of heal wounds.
You feel much better. The orc sorcerer completely misses you.
The orc completely misses you. The orc knight completely misses you.
The orc warrior completely misses you. The orc priest completely misses you.
You shoot an arrow. The arrow hits the orc knight!
The orc knight is moderately wounded.
The orc high priest no longer looks unusually strong.
The orc warrior no longer looks unusually strong.
The orc sorcerer no longer looks unusually strong.
The orc priest looks satisfied for a moment.
The orc sorcerer mumbles some strange words.
The orc knight completely misses you.
The orc warrior hits you from afar with a +0 trident.
The orc knight roars a battlecry!
The orcs go into a battle-frenzy!
You shoot an arrow. The arrow barely misses the orc knight.
The arrow hits the orc!!!
You kill the orc!
The orc sorcerer shouts, "You can't withstand my power!"
The orc sorcerer gestures at you while chanting.
The bolt of fire misses you.
The bolt of fire misses the orc priest.
The orc completely misses you.
The orc knight hits you with a +0 long sword!!
The orc warrior hits you from afar with a +0 trident!
You die...

#####......... #......#..
##.)...### # ##
##.)).)### #.##.
##........# #..4.
#.......... #.o#)#
####....#..... ..#.oooo##
#.##....#...))
..).o4o#@###.....###.....
).))o4oooo#......####....
.)))oooo4#.........#.....
.))).o4o#.#.#.....##..>..
..))...........#.........
.)#.......#.####....)....
. #.....##...##.........#
#.....###.#####......##
#..#.## ### #...)....##


You could see 3 orc knights, an orc high priest (strong), 2 rust devils, a chaos
spawn (summoned), 2 orc sorcerers, a red devil (summoned), 2 orc warriors, 3 orc
priests, an orc wizard (strong) and 4 orcs.

Vanquished Creatures
  A frost giant (D:13)
  3 orc warlords
  2 yaktaur captains (D:13)
  An ice dragon (Lair:1)
  4 hydras
  3 catoblepae
  10 centaur warriors
  An ogre mage (D:13)
  7 two-headed ogres
  4 boulder beetles
  A tengu warrior (D:12)
  A death yak (Lair:1)
  Urug (D:13)
  2 orc high priests (Orc:2)
  Nergalle (Orc:1)
  2 skysharks
  A skeletal warrior (D:13)
  3 wizards
  2 lindwurms
  A deep elf zephyrmancer (D:13)
  2 necromancers
  A deep elf pyromancer (D:15)
  2 orc knights
  22 ugly things
  An oklob plant (Lair:3)
  15 cyclopes
  6 manticores
  5 orc sorcerers
  A wolf spider (D:13)
  Maurice (D:8)
  14 elephants
  An ice statue (D:14)
  5 black mambas
  2 centaur zombies (D:15)
  3 centaur skeletons (D:15)
  A molten gargoyle (Lair:5)
  2 gargoyles (D:13)
  A naga mage (D:15)
  8 cane toads
  2 torpor snails
  3 rime drakes
  13 komodo dragons
  Psyche (D:8)
  4 efreet
  2 freezing wraiths (D:14)
  4 unseen horrors
  A yaktaur (shapeshifter) (D:14)
  3 tengu conjurers
  A queen bee (D:10)
  6 trolls
  2 polar bears (Lair:5)
  A hornet (D:11)
  9 blink frogs
  A snapping turtle (Lair:3)
  Prince Ribbit (D:8)
  6 dream sheep (Lair:4)
  6 slime creatures
  3 shadows
  A centaur simulacrum (D:13)
  4 water elementals (D:15)
  A hog (shapeshifter) (D:13)
  3 wraiths
  5 wyverns
  3 fire bats (Orc:1)
  36 yaks
  9 basilisks
  A human (shapeshifter) (D:15)
  3 redbacks (Lair:2)
  6 steam dragons
  7 vampire mosquitoes (D:13)
  4 wargs
  4 hell hounds (Lair:5)
  2 acid dragons
  12 water moccasins
  37 orc warriors
  4 ice beasts
  2 sky beasts
  3 black bears
  2 elephant zombies (Lair:4)
  8 centaurs
  21 wolves
  7 ogres
  A phantom (D:7)
  3 kobold brigands
  2 komodo dragon zombies (Lair:4)
  6 bullfrogs
  4 gnoll sergeants
  2 scorpions (D:5)
  8 wights
  29 killer bees
  2 howler monkeys
  An electric eel (Lair:4)
  5 lava snakes (Lair:5)
  2 hounds
  15 orc priests
  A gnoll bouda (D:4)
  3 jellies
  Jessica (D:3)
  3 iguanas
  24 orc wizards
  A sleepcap (D:7)
  Natasha (thrice) (D:2)
  2 hell rats (Lair:5)
  15 gnolls
  7 adders
  11 river rats
  3 shadow imps
  A white imp (D:7)
  4 worms
  3 dart slugs
  95 orcs
  7 endoplasms
  A giant cockroach (D:1)
  5 hobgoblins
  7 jackals
  4 quokkas
  6 ball pythons
  10 bats
  3 frilled lizards
  8 goblins
  33 kobolds
  9 rats
748 creatures vanquished.

Notes
Turn   | Place    | Note
-------+----------+-------------------------------------------
     0 | D:1      | qw the Deep Elf Hunter began the quest for the Orb.
     0 | D:1      | Reached XP level 1. HP: 12/12 MP: 3/3
     0 | D:1      | 0 ||| qw: Version: 0.3-a-9-g12657ce
     0 | D:1      | 0 ||| qw: Game counter: 4168
     0 | D:1      | 0 ||| qw: Always use a shield: true
     0 | D:1      | 0 ||| qw: God list: Okawaru
     0 | D:1      | 0 ||| qw: Allow faded altars: false
     0 | D:1      | 0 ||| qw: Do Orc after D:15 true
     0 | D:1      | 0 ||| qw: Do second Lair branch before Depths: true
     0 | D:1      | 0 ||| qw: Lair rune preference: random
     0 | D:1      | 0 ||| qw: Plans: Normal
     0 | D:1      | 0 ||| PLANNING D:1-11
   136 | D:1      | Reached skill level 6 in Ranged Weapons
   136 | D:1      | Reached XP level 2. HP: 15/16 MP: 4/4
   566 | D:1      | 566 ||| READING 2 scrolls labelled HADEALUGUGG.
   598 | D:1      | 598 ||| DROPPING scroll of torment.
   599 | D:1      | 599 ||| DROPPING scroll of butterflies.
   608 | D:2      | Noticed Natasha
   613 | D:2      | Killed Natasha
   614 | D:2      | Reached skill level 7 in Ranged Weapons
   614 | D:2      | Reached XP level 3. HP: 20/20 MP: 5/5
   712 | D:2      | Noticed Natasha
   716 | D:2      | 716 ||| FLEEEEING.
   721 | D:2      | Killed Natasha
   722 | D:2      | Reached XP level 4. HP: 20/25 MP: 6/6
   742 | D:2      | Noticed Natasha
   750 | D:2      | HP: 4/25 [cerulean imp/+1 spear[Natasha] (5)]
   750 | D:2      | HP: 1/25 [cerulean imp/+1 spear[Natasha] (3)]
   751 | D:2      | Killed Natasha
   752 | D:2      | Reached skill level 8 in Ranged Weapons
   883 | D:2      | Found Jous's Armour Emporium.
   892 | D:2      | 892 ||| SHOPLISTING +0 pair of gloves of Bisu Xaph {rC+
                  | Str+2} (249 gold, have 24).
   892 | D:2      | 892 ||| SHOPLISTING +0 ring mail (44 gold, have 24).
   892 | D:2      | 892 ||| SHOPLISTING +2 leather armour of fire resistance
                  | (209 gold, have 24).
  1535 | D:2      | 1535 ||| UPGRADING to +0 scale mail.
  1545 | D:2      | 1545 ||| DROPPING +0 leather armour.
  1546 | D:2      | 1546 ||| READING scroll labelled YWAUNKOUTI.
  1547 | D:2      | 1547 ||| READING scroll labelled TILIOFO VENI.
  1547 | D:2      | Identified a scroll of acquirement
  1547 | D:2      | 1547 ||| ACQUIRING +8 storm bow {elec, penet}
  1547 | D:2      | Acquired the +8 storm bow {elec, penet}
  1547 | D:2      | Found the +8 storm bow {elec, penet}
  1549 | D:2      | 1549 ||| SWAPPING to +8 storm bow {elec, penet}.
  1550 | D:2      | 1550 ||| DROPPING +0 shortbow.
  1551 | D:2      | 1551 ||| READING scroll labelled BEIRPHE AZAQODD.
  1552 | D:2      | 1552 ||| READING scroll labelled USIBE CIGYNEU.
  1553 | D:2      | 1553 ||| READING scroll labelled ERAFUGG QUGURA.
  1554 | D:2      | 1554 ||| DRINKING 2 grey potions.
  1554 | D:2      | Gained mutation: You have large cloven feet. [potion of
                  | mutation]
  1554 | D:2      | Gained mutation: You are agile. (Dex +4, Str/Int -1)
                  | [potion of mutation]
  1554 | D:2      | Gained mutation: You occasionally shout uncontrollably at
                  | your foes. [potion of mutation]
  1555 | D:2      | 1555 ||| DRINKING 3 fuming inky potions.
  1556 | D:2      | 1556 ||| DRINKING 2 orange potions.
  1580 | D:3      | You fall into a shaft and drop 1 floor!
  1581 | D:4      | 1581 ||| PLANNING SEWER
  1590 | D:4      | Reached XP level 5. HP: 29/29 MP: 7/7
  1601 | D:4      | Reached skill level 9 in Ranged Weapons
  1647 | D:4      | Reached XP level 6. HP: 35/35 MP: 8/8
  1656 | D:4      | Found a shimmering altar of Xom.
  1661 | D:4      | Reached skill level 1 in Armour
  1846 | D:4      | Found a glowing drain.
  1847 | D:4      | 1847 ||| UPGRADING to ring of protection from cold.
  1848 | D:4      | 1848 ||| READING scroll labelled HAAZXO KIP BOCH.
  1849 | D:4      | 1849 ||| Stepping randomly (stuck).
  1850 | D:4      | 1850 ||| Stepping ~*~*~tactically~*~*~ (cloud).
  1956 | Sewer    | Entered a sewer
  2105 | Sewer    | 2105 ||| READING scroll labelled KYALOPPUTZ.
  2134 | Sewer    | 2134 ||| Stepping ~*~*~tactically~*~*~ (water).
  2172 | Sewer    | Reached skill level 10 in Ranged Weapons
  2192 | Sewer    | HP: 6/35 [kobold/+0 short sword (3)]
  2193 | Sewer    | 2193 ||| DRINKING 4 potions of heal wounds.
  2256 | Sewer    | 2256 ||| DRINKING 2 purple potions.
  2257 | Sewer    | 2257 ||| DRINKING 2 metallic dark potions.
  2258 | Sewer    | 2258 ||| DRINKING 2 bubbling brown potions.
  2273 | D:4      | 2273 ||| PLANNING D:1-11
  2404 | D:3      | Reached XP level 7. HP: 40/40 MP: 9/9
  2444 | D:3      | Found a shadowy altar of Dithmenos.
  2521 | D:3      | Noticed Jessica
  2522 | D:3      | Killed Jessica
  2600 | D:3      | Found a burning altar of Makhleb.
  2775 | D:3      | Found a faded altar of an unknown god.
  2893 | D:3      | 2893 ||| READING scroll labelled VESHRU UCVYKIU.
  2894 | D:3      | 2894 ||| FLEEEEING.
  2896 | D:3      | 2896 ||| FLEEEEING.
  2899 | D:3      | 2899 ||| FLEEEEING.
  2900 | D:3      | 2900 ||| FLEEEEING.
  2901 | D:3      | 2901 ||| FLEEEEING.
  2902 | D:3      | 2902 ||| FLEEEEING.
  2903 | D:3      | 2903 ||| FLEEEEING.
  2904 | D:3      | 2904 ||| FLEEEEING.
  2905 | D:3      | 2905 ||| FLEEEEING.
  2910 | D:3      | 2910 ||| FLEEEEING.
  2911 | D:3      | 2911 ||| FLEEEEING.
  2912 | D:3      | 2912 ||| FLEEEEING.
  2913 | D:3      | 2913 ||| FLEEEEING.
  2914 | D:3      | 2914 ||| FLEEEEING.
  2915 | D:3      | 2915 ||| FLEEEEING.
  2921 | D:3      | 2921 ||| FLEEEEING.
  2922 | D:3      | 2922 ||| FLEEEEING.
  2923 | D:3      | 2923 ||| FLEEEEING.
  2924 | D:3      | 2924 ||| FLEEEEING.
  2925 | D:3      | 2925 ||| FLEEEEING.
  3172 | D:3      | 3172 ||| READING scroll labelled BARERH VUTHROPT.
  3173 | D:3      | 3173 ||| READING scroll labelled ANWUKE AR BAY.
  3523 | D:5      | Entered Level 5 of the Dungeon
  3525 | D:5      | 3525 ||| STAIRDANCE
  3570 | D:5      | 3570 ||| STAIRDANCE
  3573 | D:4      | HP: 9/40 [orc/+0 whip (2)]
  3574 | D:4      | 3574 ||| DRINKING 4 potions of heal wounds.
  3629 | D:4      | 3629 ||| UPGRADING to +0 ring mail.
  3639 | D:4      | 3639 ||| DROPPING +0 scale mail.
  3640 | D:4      | 3640 ||| READING scroll of enchant armour.
  3640 | D:4      | 3640 ||| ENCHANTING +0 ring mail.
  3656 | D:5      | Found a sparkling altar of Nemelex Xobeh.
  3719 | D:5      | Found Ceckusys's Distillery.
  3725 | D:5      | 3725 ||| BUYING potion of curing (45 gold).
  3725 | D:5      | Bought a potion of curing for 45 gold pieces
  3725 | D:5      | 3725 ||| BUYING potion of heal wounds (75 gold).
  3725 | D:5      | Bought a potion of heal wounds for 75 gold pieces
  3725 | D:5      | 3725 ||| BUYING potion of might (60 gold).
  3725 | D:5      | Bought a potion of might for 60 gold pieces
  3725 | D:5      | 3725 ||| SHOPLISTING potion of mutation (120 gold, have
                  | 13).
  3763 | D:5      | Reached skill level 11 in Ranged Weapons
  3810 | D:5      | Found a staircase to the Ecumenical Temple.
  3811 | D:5      | 3811 ||| PLANNING TEMPLE
  4179 | D:5      | 4179 ||| UPGRADING to +0 pair of gloves.
  4201 | Temple   | Entered the Ecumenical Temple
  4219 | Temple   | 4219 ||| PLANNING OKAWARU WORSHIP
  4266 | Temple   | Became a worshipper of Warmaster Okawaru
  4267 | Temple   | 4267 ||| PLANNING D:1-11
  4302 | D:6      | Noticed a steam dragon
  4305 | D:6      | 4305 ||| STAIRDANCE
  4358 | D:6      | 4358 ||| STAIRDANCE
  4417 | D:6      | 4417 ||| STAIRDANCE
  4431 | D:6      | 4431 ||| STAIRDANCE
  4506 | D:6      | 4506 ||| STAIRDANCE
  4509 | D:5      | Killed a steam dragon
  4510 | D:5      | Reached skill level 12 in Ranged Weapons
  4510 | D:5      | Reached XP level 8. HP: 33/44 MP: 10/10
  4610 | D:6      | Identified the +7 morningstar of Xyukeh {freeze, Fly rPois
                  | rC++ Str-5}
  4629 | D:6      | Found a snail-covered altar of Cheibriados.
  4873 | D:6      | Reached * piety under Okawaru
  4874 | D:6      | Reached skill level 3 in Fighting
  4919 | D:6      | Found an ancient bone altar of Kikubaaqudgha.
  5012 | D:6      | 5012 ||| INVOKING Heroism.
  5069 | D:6      | Reached skill level 1 in Invocations
  5251 | D:6      | Found a glowing silver altar of Zin.
  5252 | D:6      | Noticed an angel
  5302 | D:6      | 5302 ||| INVOKING Heroism.
  5538 | D:6      | 5538 ||| UPGRADING to +0 pair of boots.
  5543 | D:6      | 5543 ||| DROPPING amulet of magic regeneration.
  5544 | D:6      | 5544 ||| READING scroll labelled OSOCSYCVIT.
  5545 | D:6      | 5545 ||| READING scroll labelled QOZI CUAP.
  5589 | D:7      | Reached skill level 13 in Ranged Weapons
  5589 | D:7      | Reached skill level 3 in Invocations
  5613 | D:7      | 5613 ||| INVOKING Heroism.
  5651 | D:7      | Found an opulent altar of Gozag.
  5711 | D:7      | Reached XP level 9. HP: 51/51 MP: 14/14
  5866 | D:7      | 5866 ||| INVOKING Heroism.
  5870 | D:7      | 5870 ||| Stepping ~*~*~tactically~*~*~ (cloud).
  5871 | D:7      | 5871 ||| Stepping ~*~*~tactically~*~*~ (cloud).
  5962 | D:7      | Reached ** piety under Okawaru
  5963 | D:7      | Reached skill level 14 in Ranged Weapons
  6148 | D:7      | 6148 ||| READING scroll labelled FURAGE GO CYN.
  6179 | D:8      | 6179 ||| INVOKING Heroism.
  6255 | D:8      | 6255 ||| INVOKING Heroism.
  6259 | D:8      | Noticed Maurice
  6263 | D:8      | Killed Maurice
  6264 | D:8      | Reached skill level 15 in Ranged Weapons
  6342 | D:8      | Noticed Psyche
  6343 | D:8      | 6343 ||| INVOKING Heroism.
  6345 | D:8      | Killed Psyche
  6346 | D:8      | Reached skill level 6 in Dodging
  6348 | D:8      | Noticed Prince Ribbit
  6352 | D:8      | Killed Prince Ribbit
  6393 | D:8      | 6393 ||| Stepping ~*~*~tactically~*~*~ (outnumbered).
  6395 | D:8      | 6395 ||| Stepping ~*~*~tactically~*~*~ (outnumbered).
  6397 | D:8      | 6397 ||| Stepping ~*~*~tactically~*~*~ (outnumbered).
  6399 | D:8      | 6399 ||| Stepping ~*~*~tactically~*~*~ (outnumbered).
  6403 | D:8      | 6403 ||| Stepping ~*~*~tactically~*~*~ (outnumbered).
  6586 | D:8      | Reached *** piety under Okawaru
  6612 | D:8      | Found a white marble altar of Elyvilon.
  6691 | D:8      | 6691 ||| INVOKING Heroism.
  6870 | D:8      | Reached XP level 10. HP: 56/56 MP: 15/15
  6872 | D:8      | Found a bloodstained altar of Trog.
  7380 | D:8      | 7380 ||| UPGRADING to +0 cloak.
  7385 | D:8      | 7385 ||| UPGRADING to +0 troll leather armour.
  7395 | D:8      | 7395 ||| DROPPING +1 ring mail.
  7396 | D:8      | 7396 ||| DRINKING 3 blue potions.
  7397 | D:8      | 7397 ||| READING 2 scrolls of identify.
  7397 | D:8      | 7397 ||| IDENTIFYING smoky clear potion
  7398 | D:8      | 7398 ||| DROPPING 2 potions of brilliance.
  7487 | D:9      | Reached skill level 16 in Ranged Weapons
  7569 | D:9      | 7569 ||| INVOKING Heroism.
  7592 | D:9      | 7592 ||| Stepping ~*~*~tactically~*~*~ (outnumbered).
  7649 | D:9      | Found a hide-covered altar of Uskayaw.
  7650 | D:9      | 7650 ||| INVOKING Heroism.
  7654 | D:9      | Reached skill level 17 in Ranged Weapons
  7816 | D:9      | Noticed a two-headed ogre
  7817 | D:9      | 7817 ||| INVOKING Heroism.
  7820 | D:9      | Killed a two-headed ogre
  7820 | D:9      | Reached **** piety under Okawaru
  7847 | D:9      | Noticed a wizard
  7847 | D:9      | Noticed a manticore
  7848 | D:9      | 7848 ||| INVOKING Heroism.
  7849 | D:9      | 7849 ||| Stepping ~*~*~tactically~*~*~ (outnumbered).
  7853 | D:9      | Killed a wizard
  7854 | D:9      | Reached skill level 18 in Ranged Weapons
  7854 | D:9      | Noticed a purple ugly thing
  7855 | D:9      | Killed a manticore
  7858 | D:9      | Noticed a centaur warrior
  7859 | D:9      | Killed a purple ugly thing
  7860 | D:9      | Reached XP level 11. HP: 46/61 MP: 14/17
  7864 | D:9      | Killed a centaur warrior
  7864 | D:9      | Reached ***** piety under Okawaru
  7865 | D:9      | Reached skill level 6 in Invocations
  7875 | D:9      | Reached skill level 9 in Dodging
  8014 | D:9      | 8014 ||| INVOKING Heroism.
  8144 | D:9      | 8144 ||| DRINKING 3 bubbling pink potions.
  8145 | D:9      | 8145 ||| READING 2 scrolls of identify.
  8145 | D:9      | 8145 ||| IDENTIFYING yellow potion
  8146 | D:9      | 8146 ||| DROPPING potion of invisibility.
  8147 | D:9      | 8147 ||| DROPPING 2 potions of attraction.
  8171 | D:10     | Entered Level 10 of the Dungeon
  8200 | D:10     | 8200 ||| INVOKING Heroism.
  8234 | D:10     | Received a gift from Okawaru
  8270 | D:10     | Found Nefimipp's Armour Shoppe.
  8271 | D:10     | 8271 ||| INVOKING Heroism.
  8276 | D:10     | 8276 ||| Stepping ~*~*~tactically~*~*~ (outnumbered).
  8287 | D:10     | Found a staircase to the Orcish Mines.
  8287 | D:10     | Found Egeer's Weapon Shoppe.
  8288 | D:10     | 8288 ||| Stepping ~*~*~tactically~*~*~ (outnumbered).
  8290 | D:10     | 8290 ||| Stepping ~*~*~tactically~*~*~ (outnumbered).
  8292 | D:10     | 8292 ||| Stepping ~*~*~tactically~*~*~ (outnumbered).
  8301 | D:10     | Received a gift from Okawaru
  8327 | D:10     | 8327 ||| BUYING +1 pair of gloves (149 gold).
  8327 | D:10     | Bought a +1 pair of gloves for 149 gold pieces
  8372 | D:10     | Found a flagged portal.
  8380 | D:10     | Identified the +10 hand axe of the Forsaken Suns {flame,
                  | Contam rC+ rN+++ SInv}
  8477 | D:10     | 8477 ||| INVOKING Heroism.
  8554 | D:10     | 8554 ||| Stepping ~*~*~tactically~*~*~ (outnumbered).
  8556 | D:10     | 8556 ||| Stepping ~*~*~tactically~*~*~ (outnumbered).
  8558 | D:10     | 8558 ||| Stepping ~*~*~tactically~*~*~ (outnumbered).
  8844 | D:10     | Found a hazy altar of Hepliaklqana.
  8925 | D:10     | 8925 ||| UPGRADING to +1 pair of gloves.
  8935 | D:10     | 8935 ||| DROPPING +0 pair of gloves.
  8936 | D:10     | 8936 ||| DROPPING +1 pair of gloves.
  8937 | D:10     | 8937 ||| DROPPING +1 pair of gloves.
  8938 | D:10     | 8938 ||| DRINKING 2 red potions.
  8939 | D:10     | 8939 ||| DROPPING potion of ambrosia.
  8968 | D:11     | 8968 ||| INVOKING Heroism.
  9004 | D:11     | Found a staircase to the Lair.
  9034 | D:11     | 9034 ||| INVOKING Heroism.
  9115 | D:11     | 9115 ||| READING scroll of enchant armour.
  9115 | D:11     | 9115 ||| ENCHANTING +1 pair of gloves.
  9315 | D:11     | 9315 ||| INVOKING Heroism.
  9318 | D:11     | Reached skill level 9 in Invocations
  9362 | D:11     | 9362 ||| INVOKING Heroism.
  9415 | D:11     | Reached skill level 19 in Ranged Weapons
  9446 | D:11     | 9446 ||| INVOKING Heroism.
  9542 | D:11     | 9542 ||| PLANNING LAIR
  9586 | Lair:1   | Entered Level 1 of the Lair of Beasts
  9595 | Lair:1   | 9595 ||| INVOKING Heroism.
  9655 | Lair:1   | Reached XP level 12. HP: 68/68 MP: 21/21
  9736 | Lair:1   | Noticed a death yak
  9737 | Lair:1   | 9737 ||| INVOKING Heroism.
  9743 | Lair:1   | Killed a death yak
  9872 | Lair:1   | Noticed an ice dragon
  9873 | Lair:1   | 9873 ||| INVOKING Heroism.
  9880 | Lair:1   | Killed an ice dragon
  9950 | Lair:1   | 9950 ||| INVOKING Heroism.
 10032 | Lair:1   | Noticed a catoblepas
 10033 | Lair:1   | 10033 ||| INVOKING Heroism.
 10035 | Lair:1   | 10035 ||| Stepping ~*~*~tactically~*~*~ (cloud).
 10040 | Lair:1   | Killed a catoblepas
 10041 | Lair:1   | Reached skill level 20 in Ranged Weapons
 10325 | Lair:1   | 10325 ||| UPGRADING to +0 ice dragon scales.
 10335 | Lair:1   | 10335 ||| UPGRADING to +4 ring of protection.
 10344 | Lair:2   | 10344 ||| INVOKING Heroism.
 10408 | Lair:2   | Reached skill level 3 in Armour
 10597 | Lair:2   | 10597 ||| INVOKING Heroism.
 10626 | Lair:2   | Reached skill level 6 in Fighting
 10817 | Lair:2   | Noticed an eight-headed hydra
 10818 | Lair:2   | 10818 ||| INVOKING Heroism.
 10822 | Lair:2   | Killed an eight-headed hydra
 10889 | Lair:2   | Found a hole to the Spider Nest.
 11108 | Lair:2   | 11108 ||| DRINKING 2 amethyst potions.
 11109 | Lair:2   | 11109 ||| DROPPING potion of degeneration.
 11302 | Lair:3   | 11302 ||| FLEEEEING.
 11303 | Lair:3   | 11303 ||| FLEEEEING.
 11307 | Lair:3   | 11307 ||| FLEEEEING.
 11310 | Lair:3   | 11310 ||| FLEEEEING.
 11311 | Lair:3   | 11311 ||| FLEEEEING.
 11312 | Lair:3   | 11312 ||| FLEEEEING.
 11313 | Lair:3   | 11313 ||| FLEEEEING.
 11314 | Lair:3   | 11314 ||| FLEEEEING.
 11316 | Lair:3   | 11316 ||| FLEEEEING.
 11317 | Lair:3   | 11317 ||| FLEEEEING.
 11318 | Lair:3   | 11318 ||| FLEEEEING.
 11319 | Lair:3   | 11319 ||| STAIRDANCE
 11344 | Lair:2   | 11344 ||| UPGRADING to ring of fire.
 11350 | Lair:3   | 11350 ||| STAIRDANCE
 11563 | Lair:3   | 11563 ||| INVOKING Heroism.
 11569 | Lair:3   | Reached XP level 13. HP: 76/76 MP: 20/22
 11791 | Lair:3   | 11791 ||| INVOKING Heroism.
 11808 | Lair:3   | 11808 ||| INVOKING Finesse.
 11814 | Lair:3   | Reached skill level 6 in Armour
 12022 | Lair:3   | Found a staircase to the Shoals.
 12246 | Lair:3   | 12246 ||| READING scroll labelled OLURPH UCISAL.
 12275 | Lair:4   | 12275 ||| FLEEEEING.
 12276 | Lair:4   | 12276 ||| FLEEEEING.
 12277 | Lair:4   | 12277 ||| FLEEEEING.
 12278 | Lair:4   | 12278 ||| FLEEEEING.
 12332 | Lair:4   | Found a staircase to the Slime Pits.
 12333 | Lair:4   | Found a viscous altar of Jiyva.
 12430 | Lair:4   | 12430 ||| INVOKING Heroism.
 12431 | Lair:4   | 12431 ||| INVOKING Finesse.
 12543 | Lair:4   | 12543 ||| FLEEEEING.
 12579 | Lair:4   | 12579 ||| FLEEEEING.
 12623 | Lair:4   | Identified the ring of Xom's Attic {Contam rElec rC+ Str+3
                  | Dex+6}
 12705 | Lair:4   | Received a gift from Okawaru
 12794 | Lair:4   | 12794 ||| INVOKING Heroism.
 13060 | Lair:4   | 13060 ||| DROPPING ring of protection from cold.
 13061 | Lair:4   | 13061 ||| UPGRADING to ring of Xom's Attic {Contam rElec
                  | rC+ Str+3 Dex+6}.
 13089 | Lair:5   | Entered Level 5 of the Lair of Beasts
 13090 | Lair:5   | 13090 ||| INVOKING Heroism.
 13171 | Lair:5   | 13171 ||| INVOKING Heroism.
 13175 | Lair:5   | Identified the +5 longbow of Rubbish {antimagic, rF+ Str+4}
                  | (Okawaru gifted it to you on level 5 of the Lair of Beasts)
 13175 | Lair:5   | Received a gift from Okawaru
 13205 | Lair:5   | 13205 ||| FLEEEEING.
 13206 | Lair:5   | 13206 ||| FLEEEEING.
 13207 | Lair:5   | 13207 ||| INVOKING Heroism.
 13290 | Lair:5   | 13290 ||| SWAPPING to +5 longbow of Rubbish {antimagic, rF+
                  | Str+4}.
 13334 | Lair:5   | Reached skill level 12 in Dodging
 13341 | Lair:5   | 13341 ||| INVOKING Heroism.
 13641 | Lair:5   | 13641 ||| Stepping ~*~*~tactically~*~*~ (outnumbered).
 13650 | Lair:5   | 13650 ||| INVOKING Heroism.
 13652 | Lair:5   | HP: 19/78 [poisoned by a water moccasin]
 13653 | Lair:5   | 13653 ||| READING 5 scrolls of teleportation.
 13653 | Lair:5   | HP: 9/78 [poisoned by a water moccasin]
 13654 | Lair:5   | 13654 ||| DRINKING 7 potions of heal wounds.
 13666 | Lair:5   | HP: 19/78 [poisoned by a water moccasin]
 13667 | Lair:5   | 13667 ||| READING 4 scrolls of teleportation.
 13691 | Lair:5   | 13691 ||| INVOKING Heroism.
 13694 | Lair:5   | 13694 ||| FLEEEEING.
 13704 | Lair:5   | 13704 ||| STAIRDANCE
 13844 | Lair:4   | 13844 ||| READING scroll labelled XONOFEGRUI.
 13868 | Lair:5   | 13868 ||| INVOKING Heroism.
 13894 | Lair:5   | Received a gift from Okawaru
 14016 | Lair:5   | 14016 ||| INVOKING Heroism.
 14046 | Lair:5   | 14046 ||| INVOKING Heroism.
 14123 | Lair:5   | 14123 ||| INVOKING Heroism.
 14124 | Lair:5   | 14124 ||| Stepping ~*~*~tactically~*~*~ (outnumbered).
 14151 | Lair:5   | 14151 ||| INVOKING Heroism.
 14174 | Lair:5   | 14174 ||| Stepping ~*~*~tactically~*~*~ (outnumbered).
 14182 | Lair:5   | 14182 ||| INVOKING Heroism.
 14186 | Lair:5   | Reached XP level 14. HP: 67/84 MP: 5/23
 14189 | Lair:5   | Reached skill level 9 in Fighting
 14241 | Lair:5   | 14241 ||| FLEEEEING.
 14242 | Lair:5   | 14242 ||| FLEEEEING.
 14294 | Lair:5   | Found a large runed translucent door.
 14295 | Lair:5   | Found a large runed translucent door.
 14298 | Lair:5   | 14298 ||| FLEEEEING.
 14299 | Lair:5   | 14299 ||| FLEEEEING.
 14300 | Lair:5   | 14300 ||| FLEEEEING.
 14301 | Lair:5   | 14301 ||| FLEEEEING.
 14302 | Lair:5   | 14302 ||| FLEEEEING.
 14303 | Lair:5   | 14303 ||| FLEEEEING.
 14777 | Lair:5   | 14777 ||| READING scroll labelled JODWOH ZAEROJO.
 14778 | Lair:5   | 14778 ||| PLANNING D
 14991 | D:12     | 14991 ||| STAIRDANCE
 15394 | D:12     | 15394 ||| FLEEEEING.
 15395 | D:12     | 15395 ||| FLEEEEING.
 15397 | D:12     | 15397 ||| FLEEEEING.
 15398 | D:12     | 15398 ||| FLEEEEING.
 15399 | D:12     | 15399 ||| FLEEEEING.
 15400 | D:12     | 15400 ||| FLEEEEING.
 15401 | D:12     | 15401 ||| FLEEEEING.
 15402 | D:12     | 15402 ||| FLEEEEING.
 15403 | D:12     | 15403 ||| FLEEEEING.
 15404 | D:12     | 15404 ||| FLEEEEING.
 15405 | D:12     | 15405 ||| FLEEEEING.
 15410 | D:12     | 15410 ||| FLEEEEING.
 15411 | D:12     | 15411 ||| FLEEEEING.
 15412 | D:12     | 15412 ||| FLEEEEING.
 15413 | D:12     | 15413 ||| FLEEEEING.
 15414 | D:12     | 15414 ||| FLEEEEING.
 15415 | D:12     | 15415 ||| FLEEEEING.
 15416 | D:12     | 15416 ||| FLEEEEING.
 15417 | D:12     | 15417 ||| FLEEEEING.
 15418 | D:12     | 15418 ||| FLEEEEING.
 15419 | D:12     | 15419 ||| FLEEEEING.
 15448 | D:12     | 15448 ||| INVOKING Heroism.
 15490 | D:12     | 15490 ||| FLEEEEING.
 15801 | D:12     | Received a gift from Okawaru
 15847 | D:12     | 15847 ||| DROPPING +1 longbow of freezing.
 15982 | D:13     | Identified the +3 rapier of Rifo {spect, rPois rC- rCorr}
 16041 | D:13     | 16041 ||| INVOKING Heroism.
 16042 | D:13     | 16042 ||| INVOKING Finesse.
 16129 | D:13     | 16129 ||| Stepping randomly (stuck).
 16418 | D:13     | Reached skill level 15 in Dodging
 16498 | D:13     | 16498 ||| Stepping ~*~*~tactically~*~*~ (outnumbered).
 16569 | D:13     | 16569 ||| FLEEEEING.
 16570 | D:13     | 16570 ||| FLEEEEING.
 16571 | D:13     | 16571 ||| FLEEEEING.
 16572 | D:13     | 16572 ||| FLEEEEING.
 16573 | D:13     | 16573 ||| FLEEEEING.
 16574 | D:13     | 16574 ||| FLEEEEING.
 16575 | D:13     | 16575 ||| FLEEEEING.
 16641 | D:13     | 16641 ||| INVOKING Heroism.
 16642 | D:13     | 16642 ||| INVOKING Finesse.
 16699 | D:13     | 16699 ||| FLEEEEING.
 16812 | D:13     | Noticed Urug
 16813 | D:13     | 16813 ||| INVOKING Heroism.
 16814 | D:13     | 16814 ||| INVOKING Finesse.
 16827 | D:13     | Killed Urug
 16938 | D:13     | 16938 ||| INVOKING Heroism.
 16950 | D:13     | Noticed an orc warlord
 16951 | D:13     | 16951 ||| INVOKING Finesse.
 16962 | D:13     | Noticed a frost giant
 16975 | D:13     | Killed an orc warlord
 16981 | D:13     | Killed a frost giant
 17197 | D:13     | Identified the +7 flail "Diaclol" {flame, rC+ Will+ Dex+3}
 17406 | D:13     | 17406 ||| DROPPING ring of flight.
 17407 | D:13     | 17407 ||| READING 6 scrolls of identify.
 17407 | D:13     | 17407 ||| IDENTIFYING lumpy brown potion
 17408 | D:13     | 17408 ||| DROPPING potion of lignification.
 17438 | D:14     | 17438 ||| INVOKING Heroism.
 17439 | D:14     | 17439 ||| INVOKING Finesse.
 17452 | D:14     | Reached XP level 15. HP: 92/92 MP: 0/24
 17477 | D:14     | Reached skill level 9 in Armour
 17571 | D:14     | Found a frozen archway.
 17572 | D:14     | 17572 ||| INVOKING Heroism.
 17573 | D:14     | 17573 ||| INVOKING Finesse.
 17579 | D:14     | 17579 ||| Stepping ~*~*~tactically~*~*~ (cloud).
 17781 | D:13     | 17781 ||| INVOKING Heroism.
 17874 | D:13     | 17874 ||| INVOKING Heroism.
 17951 | D:13     | Identified the staff of the Tent {Contam Fragile rElec rF+
                  | Stlth+ Fire}
 17952 | D:13     | 17952 ||| Stepping randomly (stuck).
 18110 | D:14     | 18110 ||| Stepping ~*~*~tactically~*~*~ (outnumbered).
 18122 | D:14     | 18122 ||| Stepping ~*~*~tactically~*~*~ (outnumbered).
 18190 | D:14     | Received a gift from Okawaru
 18240 | D:14     | Found a gate to the Vaults.
 18658 | D:14     | 18658 ||| DROPPING +0 pair of boots of rampaging.
 18659 | D:14     | 18659 ||| DROPPING ring of fire.
 18660 | D:14     | 18660 ||| UPGRADING to +6 ring of dexterity.
 18662 | D:14     | 18662 ||| DROPPING +4 ring of protection.
 18706 | D:15     | Entered Level 15 of the Dungeon
 18709 | D:15     | 18709 ||| INVOKING Heroism.
 18911 | D:15     | Found Ywepneipt's General Store.
 18915 | D:15     | 18915 ||| BUYING scroll of teleportation (39 gold).
 18915 | D:15     | Bought a scroll of teleportation for 39 gold pieces
 19088 | D:15     | 19088 ||| Stepping ~*~*~tactically~*~*~ (cloud).
 19092 | D:15     | 19092 ||| Stepping ~*~*~tactically~*~*~ (cloud).
 19093 | D:15     | 19093 ||| Stepping ~*~*~tactically~*~*~ (cloud).
 19094 | D:15     | 19094 ||| Stepping ~*~*~tactically~*~*~ (cloud).
 19130 | D:15     | Found a broken altar of Ashenzari.
 19522 | D:15     | 19522 ||| INVOKING Heroism.
 19523 | D:15     | 19523 ||| Stepping ~*~*~tactically~*~*~ (outnumbered).
 19574 | D:15     | Reached skill level 18 in Dodging
 19576 | D:15     | 19576 ||| FLEEEEING.
 19577 | D:15     | 19577 ||| STAIRDANCE
 19679 | D:15     | 19679 ||| STAIRDANCE
 19753 | D:15     | Found a staircase to the Depths.
 20036 | D:15     | 20036 ||| PLANNING ORC
 20172 | Orc:1    | Entered Level 1 of the Orcish Mines
 20322 | Orc:1    | Noticed Nergalle
 20328 | Orc:1    | Killed Nergalle
 20525 | Orc:1    | Found a dark tunnel.
 20588 | Orc:2    | Entered Level 2 of the Orcish Mines
 20593 | Orc:2    | 20593 ||| INVOKING Heroism.
 20594 | Orc:2    | 20594 ||| INVOKING Finesse.
 20727 | Orc:2    | 20727 ||| INVOKING Heroism.
 20752 | Orc:2    | 20752 ||| INVOKING Finesse.
 21032 | Orc:2    | Found a staircase to the Elven Halls.
 21130 | Orc:2    | 21130 ||| INVOKING Heroism.
 21163 | Orc:2    | 21163 ||| INVOKING Heroism.
 21165 | Orc:2    | 21165 ||| Stepping ~*~*~tactically~*~*~ (outnumbered).
 21199 | Orc:2    | HP: 20/94 [orc priest/divine providence (17)]
 21200 | Orc:2    | 21200 ||| READING 7 scrolls of teleportation.
 21200 | Orc:2    | HP: 8/94 [orc knight/+0 long sword (12)]
 21201 | Orc:2    | 21201 ||| DRINKING 6 potions of heal wounds.
 21203 | Orc:2    | Slain by an orc warrior

Levels and vault maps discovered:
D:1:      dpeg_arrival_rhombus, layout_basic
D:2:      layout_basic, serial_shops, nicolae_shop_crystal, minmay_box_of_dots,
          uniq_natasha
D:3:      layout_loops_cross, old_standard_altar, lightli_temple_of_fire,
          hellmonk_ecumenical_altar_leap_of_faith, serial_glass,
          glass_columns_a, glass_columns_b, glass_columns_a, glass_columns_c,
          item_on_display_a, item_on_display_b, due_unseen_surprise,
          minivault_5, uniq_jessica
D:4:      layout_rooms, overflow_temple_1_default, lightli_sewer_entry_pipes,
          minmay_misc_feat_room
D:5:      layout_loops_ring, kennysheep_mini, temple_pool_b, serial_shops,
          nicolae_shop_rolling_square
D:6:      layout_loops_corners, kennysheep_mini_moat,
          mainiacjoe_overflow_brackets, zin_angel, serial_bayou_lake_a
D:7:      layout_basic, nicolae_gozag_cash_rules_everything_around_me,
          small_statue_intersection
D:8:      layout_layer_cave, marbit_many_paths, elyvilon_altar_3,
          grunt_ogre_cave, uniq_psyche, uniq_maurice, uniq_prince_ribbit1
D:9:      minmay_slanted_spiral_squares, layout_basic,
          eat_drink_and_be_merry_uskayaw, hangedman_decor_peaks_small
D:10:     layout_roguey [special_room_bee], mainiacjoe_overflow_tiny_flanked,
          orc_david_3, enter_bailey_2, serial_park_tiny_1,
          minmay_strange_pillars
D:11:     layout_loops_cross, hellmonk_lair_entry_icy
D:12:     layout_loops_ring
D:13:     minmay_nested_s, layout_cave_pools, uniq_urug
D:14:     layout_loops_ring, david_vaults_4, serial_bayou_pond_d,
          portal_ice_cave_entry_ice_statue_one
D:15:     grunt_enter_depths_magical_seal, layout_layer_cave,
          ashenzari_conservatory_becter, serial_shops,
          nicolae_shop_pleasant_corner_grove, nicolae_underground_beach
Temple:   cyrus_temple_forest
Lair:1:   dragon1_lemuel, layout_regular_city, lemuel_fruit_tree
Lair:2:   layout_chaotic_city, spider_nest_entry_webs,
          dreamdust_mushroom_princess
Lair:3:   layout_long_grid, minmay_shoals_entry_hut
Lair:4:   pond_and_an_island_with_a_cottage, layout_concentric_octagons,
          slime_entry_1
Lair:5:   cheibrodos_lair_end_hotspot, layout_regular_city, kennysheep_rathole
Orc:1:    layout_caves, basic_altar, nicolae_volcano_entry_batcave,
          uniq_nergalle
Orc:2:    st_orc_congregation, layout_diamond_mine

Skill      XL: |  1  2  3  4  5  6  7  8  9 10 11 12 13 14 15 |
---------------+----------------------------------------------+-----
Ranged Weapons | 6 7 8 9 10 12 13 15 18 19 20 | 20.1
Fighting       | 2 3 4 5 7 8 10 11 | 11.0
Armour         | 1 2 5 7 8 9 |  9.0
Dodging        | 4 5 6 8 9 10 13 16 19 | 19.2
Invocations    | 4 5 9 10 | 10.0
Stealth        | |  1.2

Action                     |  1- 3 |  4- 6 |  7- 9 | 10-12 | 13-15 || total
---------------------------+-------+-------+-------+-------+-------++-------
   Fire: Shortbow          |    74 |    44 |       |       |       ||   118
         Longbow           |       |    82 |   186 |   452 |  1283 ||  2003
 Invoke: Heroism           |       |       |     8 |    22 |    30 ||    60
         Finesse           |       |       |       |       |    10 ||    10
    Use: Scroll            |     1 |     7 |     7 |     3 |     7 ||    25
         Potion            |       |     7 |     1 |     4 |     2 ||    14
 Armour: Leather armour    |     2 |     6 |       |       |       ||     8
         Scale mail        |       |    23 |    11 |       |       ||    34
         Ring mail         |       |       |    10 |       |       ||    10
         Troll leather arm |       |       |       |    38 |       ||    38
         Ice dragon scales |       |       |       |    30 |   203 ||   233
  Dodge: Dodged            |    12 |    32 |    29 |   168 |   624 ||   865

Table legend:
 A = Non-vault XP
 B = Vault XP
 C = Vault XP percentage of total XP
 D = Non-vault monster count
 E = Vault monster count
 F = Vault count percentage of total count
                 A         B        C        D         E       F
            +---------+---------+-------+---------+---------+-------
      Total |   81722 |   66831 |  45.0 |     488 |     260 |  34.8
            +---------+---------+-------+---------+---------+-------
        D:1 |      33 |       0 |   0.0 |      20 |       0 |   0.0
        D:2 |     120 |      39 |  24.5 |      17 |       3 |  15.0
        D:3 |      50 |      37 |  42.5 |      19 |       1 |   5.0
        D:4 |     373 |      66 |  15.0 |      26 |       8 |  23.5
        D:5 |     591 |       0 |   0.0 |      12 |       0 |   0.0
        D:6 |     767 |       0 |   0.0 |      19 |       0 |   0.0
        D:7 |    1125 |       0 |   0.0 |      25 |       0 |   0.0
        D:8 |     914 |    1373 |  60.0 |      24 |       5 |  17.2
        D:9 |    2884 |    4809 |  62.5 |      38 |      12 |  24.0
       D:10 |    1389 |    2333 |  62.7 |      11 |      34 |  75.6
       D:11 |    3640 |    1010 |  21.7 |      13 |       6 |  31.6
       D:12 |    7421 |       0 |   0.0 |      19 |       0 |   0.0
       D:13 |    4223 |   31479 |  88.2 |      14 |      57 |  80.3
       D:14 |   10358 |    2584 |  20.0 |      21 |       5 |  19.2
       D:15 |    6151 |    5814 |  48.6 |      14 |      14 |  50.0
     Lair:1 |    6215 |     858 |  12.1 |      20 |       1 |   4.8
     Lair:2 |    5594 |     549 |   8.9 |      22 |       3 |  12.0
     Lair:3 |    6712 |     259 |   3.7 |      24 |       1 |   4.0
     Lair:4 |    4418 |    1062 |  19.4 |      14 |       5 |  26.3
     Lair:5 |   11782 |    7165 |  37.8 |      40 |      38 |  48.7
      Orc:1 |    2165 |    1373 |  38.8 |      32 |       4 |  11.1
      Orc:2 |    4797 |    5894 |  55.1 |      44 |      42 |  48.8
      Sewer |       0 |     127 | 100.0 |       0 |      21 | 100.0
            +---------+---------+-------+---------+---------+-------
